 Dungeon Crawl Stone Soup version 0.26-a0-652-gafc20e3620 (webtiles) character file.

Game seed: 2842707734811615867

37221 robertstho the Frost Mage (level 13, -8/99 HPs)
             Began as a Gnoll Ice Elementalist on Oct 3, 2020.
             Was an Elder of Sif Muna.
             Mangled by Rupert
             ... wielding a +2 battleaxe of venom
              (49 damage)
             ... on level 6 of the Lair of Beasts.
             The game lasted 00:56:51 (26332 turns).

robertstho the Frost Mage (Gnoll Ice Elementalist) Turns: 26332, Time: 00:56:52

Health: -8/99      AC: 10    Str: 11    XL:     13   Next: 95%
Magic:  19/36      EV: 20    Int: 29    God:    Sif Muna [****..]
Gold:   923        SH:  5    Dex: 18    Spells: 17/32 levels left

rFire    + . .     SeeInvis .   M - +8 scimitar of Disharmony {flame, MR+ Dex+3}
rCold    . . .     Faith    .   (no shield)
rNeg     . . .     Spirit   .   E - +0 steam dragon scales
rPois    .         Reflect  +   j - +1 hat
rElec    .         Harm     +   U - scarf {repulsion}
rCorr    .         Rampage  .   z - +0 pair of gloves
MR       +....                  y - +0 pair of boots "Avobismis" {Harm MP+9}
Stlth    +++++.....             G - amulet of reflection
HPRegen  0.26/turn              i - +6 ring of intelligence
MPRegen  0.25/turn              r - ring of protection from fire

@: lethally poisoned (-8 -> -38), frozen ramparts, repel missiles
A: distributed training, fangs 1, strong nose
a: Channel Magic, Forget Spell, Divine Exegesis, Renounce Religion


You were on level 6 of the Lair of Beasts.
You worshipped Sif Muna.
Sif Muna was greatly pleased with you.
You visited 3 branches of the dungeon, and saw 21 of its levels.

You collected 1247 gold pieces.
You spent 324 gold pieces at shops.

Inventory:

Hand Weapons
 o - a +1 hunting sling of flaming
 t - a +2 flail of protection
 D - a +5 demon trident
 M - the +8 scimitar of Disharmony (weapon) {flame, MR+ Dex+3}
   (You bought it in a shop on level 9 of the Dungeon)

   It has been specially enchanted to burn those struck by it, causing extra
   injury to most foes and up to half again as much damage against particularly
   susceptible opponents.
   Big, fiery blades are also staple armaments of hydra-hunters.
   It affects your dexterity (+3).
   It affects your resistance to hostile enchantments.
Missiles
 e - 12 javelins (quivered)
 q - 149 sling bullets
Armour
 j - a +1 hat (worn)
 y - the +0 pair of boots "Avobismis" (worn) {Harm MP+9}
   (You found it on level 3 of the Lair of Beasts)

   It affects your magic capacity (+9).
   It increases damage dealt and taken.
 z - a +0 pair of gloves (worn)
 E - +0 steam dragon scales (worn)
 U - a scarf of repulsion (worn)
Jewellery
 i - a +6 ring of intelligence (left hand)
 r - a ring of protection from fire (right hand)
 G - an amulet of reflection (around neck)
 H - an uncursed ring of protection from fire
 J - an uncursed ring of positive energy
 Q - an uncursed amulet of the acrobat
Wands
 l - a wand of iceblast (26)
 C - a wand of paralysis (12)
Scrolls
 a - 3 scrolls of torment {unknown}
 c - 7 scrolls of teleportation
 d - 3 scrolls of vulnerability {unknown}
 f - 8 scrolls of remove curse
 h - 6 scrolls of fog
 k - 6 scrolls of fear {unknown}
 n - 3 scrolls of enchant weapon {unknown}
 p - a scroll of amnesia
 u - 2 scrolls of enchant armour {unknown}
 F - 2 scrolls of noise {unknown}
 K - 3 scrolls of magic mapping {unknown}
 O - 2 scrolls of blinking {unknown}
 R - a scroll of summoning {unknown}
 S - a scroll of acquirement {unknown}
 V - a scroll of holy word
 X - 3 scrolls of silence
 Y - 2 scrolls of immolation
Potions
 b - 4 potions of haste
 g - 3 potions of cancellation
 m - 9 potions of curing
 s - 4 potions of lignification
 v - 3 potions of stabbing
 w - 4 potions of mutation
 x - 2 potions of magic
 A - a potion of flight
 I - 3 potions of heal wounds
 L - 2 potions of might
 P - 3 potions of berserk rage
 T - a potion of resistance
 Z - a potion of brilliance
Miscellaneous
 W - a lightning rod (4/4)


   Skills:
 + Level 8.7 Fighting
 + Level 8.7 Short Blades
 + Level 8.7 Long Blades
 + Level 8.7 Axes
 + Level 8.7 Maces & Flails
 + Level 8.7 Polearms
 + Level 8.7 Staves
 + Level 8.7 Slings
 + Level 8.7 Bows
 + Level 8.7 Crossbows
 + Level 8.7 Throwing
 + Level 8.7 Armour
 + Level 9.9 Dodging
 + Level 9.7 Stealth
 + Level 8.7 Shields
 + Level 8.7 Unarmed Combat
 + Level 10.1 Spellcasting
 + Level 7.3 Conjurations
 + Level 7.3 Hexes
 + Level 7.3 Summonings
 + Level 7.3 Necromancy
 + Level 7.3 Translocations
 + Level 7.3 Transmutations
 + Level 7.3 Fire Magic
 + Level 10.2 Ice Magic
 + Level 7.3 Air Magic
 + Level 7.3 Earth Magic
 + Level 7.3 Poison Magic
 + Level 9.5 Invocations
 + Level 8.7 Evocations


You had 17 spell levels left.
You knew the following spells:

 Your Spells              Type           Power        Failure   Level
a - Freeze                Ice            ####         1%          1
b - Frozen Ramparts       Ice            ######       1%          3
c - Ozocubu's Armour      Ice            ######..     1%          3
d - Hailstorm             Conj/Ice       ######..     1%          4
e - Summon Ice Beast      Ice/Summ       ######..     1%          4

Your spell library contained the following spells:

 Spells                   Type           Power        Failure   Level
 Animate Skeleton         Necr           ######       1%          1
 Beastly Appendage        Tmut           ######       1%          1
 Foxfire                  Conj/Fire      ####         1%          1
 Magic Dart               Conj           ####         1%          1
 Sting                    Tmut/Pois      ####         1%          1
 Blink                    Tloc           N/A          1%          2
 Call Imp                 Summ           ######..     1%          2
 Poisonous Vapours        Pois/Air       ######       1%          2
 Slow                     Hex            ######..     1%          2
 Wereblood                Tmut           ######..     1%          2
 Conjure Flame            Conj/Fire      ######..     1%          3
 Ignite Poison            Fire/Tmut/Pois ######..     1%          3
 Inner Flame              Hex/Fire       ######..     1%          3
 Mephitic Cloud           Conj/Pois/Air  ######..     1%          3
 Spider Form              Tmut/Pois      ######....   1%          3
 Static Discharge         Conj/Air       ######..     1%          3
 Ice Form                 Ice/Tmut       ######..     1%          4
 Olgreb's Toxic Radiance  Pois           ######..     1%          4
 Sticky Flame             Conj/Fire      ######..     1%          4
 Agony                    Necr           ######..     5%          5
 Alistair's Intoxication  Tmut/Pois      ######...    5%          5
 Blade Hands              Tmut           ######....   5%          5
 Excruciating Wounds      Necr           ######....   5%          5
 Fireball                 Conj/Fire      ######....   5%          5
 Lightning Bolt           Conj/Air       ######....   5%          5
 Freezing Cloud           Conj/Ice/Air   ######....   19%         6
 Death Channel            Necr           ######....   28%         6
 Eringya's Noxious Bog    Tmut/Pois      ######....   28%         6
 Ignition                 Fire           ######....   100%        8
 Shatter                  Erth           ######....   100%        9
 Tornado                  Air            ######....   100%        9


Dungeon Overview and Level Annotations

Branches:
Dungeon (14/15)            Temple (1/1) D:6            Lair (6/6) D:8
 Shoals (0/4) Lair:4        Snake (0/4) Lair:2        Slime (0/5) Lair:5
    Orc (0/2) D:10         Vaults (0/5) D:14

Altars:
Ashenzari
Cheibriados
Dithmenos
Elyvilon
Fedhas
Gozag
Hepliaklqana
Kikubaaqudgha
Makhleb
Nemelex Xobeh
Okawaru
Qazlal
Ru
Sif Muna
Trog
Uskayaw
Vehumet
Wu Jian
Xom
Yredelemnul
Zin
The Shining One
Jiyva

Shops:
D:9 (((:

Annotations:
Lair:5 1 runed translucent door
Lair:6 Rupert


Innate Abilities, Weirdness & Mutations

Your experience applies equally to all skills.
You have very sharp teeth.
Your uncanny sense of smell can sniff out nearby items.


Message History

Rupert is severely wounded.
Rupert closely misses your ice beast.
* * * LOW HITPOINT WARNING * * *
You feel very sick.
Rupert rages.
You feel much better.
You feel sick. Rupert completely misses you.
Rupert hits your ice beast with a +2 battleaxe of venom!
Your ice beast barely misses Rupert.
You slash Rupert! You burn Rupert.
Rupert is severely wounded.
You feel sick.
Rupert hits you with a +2 battleaxe of venom.
You are more poisoned.
Rupert barely misses your ice beast.
Your ice beast hits Rupert.
Your ice beast freezes Rupert!!
You barely miss Rupert.
Rupert is almost dead.
You feel very sick.
Rupert hits you with a +2 battleaxe of venom!!!
You die...

..............##..
..........$.(.......
...............# ....
#P....P.#...# #....
##......#.#####....#
#.....#......P.P...#
###P................#.
......$...............
.P.....@@Y............
PP#P..................
........P...........#.
..##....P###.P#.#...#
. .......#[..###....#
.#.....[#..<........#
. .......#...........#
..P.....#....#$....##
##....#.....


You could see Rupert (berserk) and a friendly ice beast (summoned).

Vanquished Creatures
  A centaur warrior (D:14)
  A catoblepas (D:11)
  2 two-headed ogres
  A tengu warrior (D:14)
  2 unseen horrors
  An ugly thing (D:13)
  A manticore (D:13)
  A slime creature (D:12)
  2 orc knights
  2 elephants (Lair:3)
  4 cane toads
  2 komodo dragons
  Maggie (D:7)
  A rime drake (Lair:5)
  3 trolls
  2 hornets
  5 blink frogs (Lair:3)
  7 hippogriffs
  Prince Ribbit (D:7)
  A shadow (D:14)
  3 wraiths
  A vampire (D:13)
  23 yaks
  10 humans (D:14)
  A basilisk (Lair:1)
  2 vampire mosquitoes (D:14)
  Edmund (D:4)
  6 water moccasins
  7 porcupines
  2 ice beasts
  A nameless horror (D:5)
  8 orc warriors
  A sky beast (D:5)
  2 black bears
  4 ogres
  A phantom (D:14)
  15 wolves
  7 centaurs
  6 crocodiles
  7 bullfrogs
  A wyvern skeleton (D:8)
  2 scorpions
  10 killer bees
  An electric eel (Lair:1)
  3 wights
  3 howler monkeys (D:12)
  A bullfrog zombie (D:5)
  4 hounds
  3 jellies
  A centaur skeleton (D:10)
  6 orc priests
  A gnoll shaman (D:5)
  An iguana (D:4)
  13 orc wizards
  Ijyb (D:4)
  Jessica (D:2)
  A bullfrog skeleton (D:11)
  7 worker ants
  12 adders
  8 gnolls
  2 shadow imps
  3 white imps
  An ufetubus (D:10)
  2 oozes
  An adder skeleton (D:7)
  2 worms
  A dart slug (D:1)
  7 leopard geckos
  34 orcs
  8 bats
  6 giant cockroaches
  7 goblins
  5 hobgoblins
  6 jackals
  A quokka (D:11)
  3 ball pythons
  9 frilled lizards
  7 kobolds
  2 leopard gecko skeletons (D:4)
  8 rats
344 creatures vanquished.

Vanquished Creatures (collateral kills)
  A rakshasa (D:12)
  2 hydras (Lair:4)
  Urug (D:10)
  Pikel (D:7)
  An orc knight (D:14)
  2 ugly things (D:11)
  A cyclops (D:11)
  A manticore (D:14)
  2 elephants (Lair:3)
  Joseph (D:7)
  A gargoyle (D:13)
  6 cane toads
  2 komodo dragons
  2 polar bears
  3 nameless horrors
  3 slime creatures (D:12)
  Grinder (D:5)
  5 hippogriffs
  A basilisk (Lair:2)
  6 humans (D:14)
  15 yaks
  2 vampire mosquitoes (D:14)
  4 water moccasins
  3 porcupines
  2 orc warriors
  A sky beast (D:7)
  4 ice beasts
  A wolf (Lair:5)
  4 ogres
  3 crocodiles
  3 centaurs
  A lemure (D:6)
  5 bullfrogs
  A gnoll sergeant (D:9)
  A water moccasin zombie (D:9)
  A scorpion (D:9)
  5 killer bees
  9 wights
  A howler monkey (D:7)
  A crimson imp (D:5)
  A bullfrog zombie (D:5)
  3 centaur zombies
  3 hounds
  4 jellies
  2 iguanas
  5 orc wizards
  A worker ant (D:7)
  A killer bee zombie (D:6)
  2 hound zombies
  A worker ant zombie (D:8)
  5 gnolls
  An adder (D:5)
  A shadow imp (D:9)
  2 white imps
  8 orcs
  A giant cockroach (D:5)
  A quokka (D:9)
  2 frilled lizards (D:5)
  A jackal zombie (D:5)
  A quokka zombie (D:5)
156 creatures vanquished.

Vanquished Creatures (others)
  A jelly (D:6)
  An orc wizard (D:6)
  2 orcs (D:6)
  A quokka (D:11)
  27 fungi
  64 plants
96 creatures vanquished.

Grand Total: 596 creatures vanquished

Notes
Turn   | Place    | Note
-------+----------+-------------------------------------------
     0 | D:1      | robertstho the Gnoll Ice Elementalist began the quest for
                  | the Orb.
     0 | D:1      | Reached XP level 1. HP: 13/13 MP: 6/6
   273 | D:1      | Reached XP level 2. HP: 10/19 MP: 5/7
   828 | D:1      | Reached XP level 3. HP: 18/25 MP: 1/9
   833 | D:1      | Learned a level 3 spell: Frozen Ramparts
   837 | D:1      | Learned a level 3 spell: Ozocubu's Armour
  1131 | D:1      | Reached skill level 5 in Spellcasting
  1536 | D:2      | Reached skill level 1 in Invocations
  1857 | D:2      | Found a glowing silver altar of Zin.
  2060 | D:2      | Reached skill level 1 in Fighting
  2060 | D:2      | Reached skill level 1 in Short Blades
  2060 | D:2      | Reached skill level 1 in Long Blades
  2060 | D:2      | Reached skill level 1 in Axes
  2060 | D:2      | Reached skill level 1 in Maces & Flails
  2060 | D:2      | Reached skill level 1 in Polearms
  2060 | D:2      | Reached skill level 1 in Staves
  2060 | D:2      | Reached skill level 1 in Slings
  2060 | D:2      | Reached skill level 1 in Bows
  2060 | D:2      | Reached skill level 1 in Crossbows
  2060 | D:2      | Reached skill level 1 in Throwing
  2060 | D:2      | Reached skill level 1 in Armour
  2060 | D:2      | Reached skill level 1 in Shields
  2060 | D:2      | Reached skill level 1 in Unarmed Combat
  2060 | D:2      | Reached skill level 1 in Evocations
  2104 | D:2      | Reached XP level 4. HP: 32/32 MP: 7/11
  2603 | D:2      | Noticed Jessica
  2607 | D:2      | Killed Jessica
  2607 | D:2      | Reached skill level 1 in Conjurations
  2607 | D:2      | Reached skill level 1 in Hexes
  2607 | D:2      | Reached skill level 1 in Summonings
  2607 | D:2      | Reached skill level 1 in Necromancy
  2607 | D:2      | Reached skill level 1 in Translocations
  2607 | D:2      | Reached skill level 1 in Transmutations
  2607 | D:2      | Reached skill level 1 in Fire Magic
  2607 | D:2      | Reached skill level 1 in Air Magic
  2607 | D:2      | Reached skill level 1 in Earth Magic
  2607 | D:2      | Reached skill level 1 in Poison Magic
  2638 | D:2      | Found a sparkling altar of Nemelex Xobeh.
  3272 | D:3      | Found an iron altar of Okawaru.
  3274 | D:3      | Found a bloodstained altar of Trog.
  3275 | D:3      | Found a white marble altar of Elyvilon.
  3275 | D:3      | Found an ornate altar of the Wu Jian Council.
  3307 | D:3      | Found a blossoming altar of Fedhas.
  3308 | D:3      | Found a stormy altar of Qazlal.
  3413 | D:3      | Reached XP level 5. HP: 35/37 MP: 8/12
  3583 | D:3      | You fall into a shaft and drop 1 floor!
  3622 | D:4      | Found a hide-covered altar of Uskayaw.
  3673 | D:4      | Noticed Edmund
  3687 | D:4      | Killed Edmund
  3687 | D:4      | Reached XP level 6. HP: 44/44 MP: 7/14
  3875 | D:4      | Reached skill level 5 in Dodging
  4363 | D:4      | Noticed Ijyb
  4380 | D:4      | Killed Ijyb
  4380 | D:4      | Reached XP level 7. HP: 39/50 MP: 10/15
  4865 | D:5      | Entered Level 5 of the Dungeon
  5401 | D:5      | Found a radiant altar of Vehumet.
  5464 | D:5      | Found an opulent altar of Gozag.
  5465 | D:5      | Found a sparkling altar of Nemelex Xobeh.
  5676 | D:6      | Learned a level 4 spell: Hailstorm
  5683 | D:5      | Learned a level 4 spell: Summon Ice Beast
  5746 | D:5      | Reached skill level 5 in Stealth
  5761 | D:5      | Noticed a nameless horror
  5976 | D:5      | Killed a nameless horror
  6053 | D:5      | Noticed Grinder
  6070 | D:5      | Paralysed by Grinder for 3 turns
  6080 | D:5      | Paralysed by Grinder for 5 turns
  6088 | D:5      | Paralysed by Grinder for 5 turns
  6096 | D:5      | Killed Grinder
  6096 | D:5      | Reached XP level 8. HP: 38/58 MP: 2/16
  6709 | D:5      | Found a burning altar of Makhleb.
  6711 | D:5      | Found a radiant altar of Vehumet.
  7463 | D:6      | Found a staircase to the Ecumenical Temple.
  8060 | D:6      | Noticed a nameless horror
  8066 | D:6      | Killed a nameless horror
  8496 | Temple   | Entered the Ecumenical Temple
  8566 | Temple   | Became a worshipper of Sif Muna the Loreminder
  8696 | D:7      | Noticed Maggie
  8710 | D:7      | Paralysed by Maggie for 5 turns
  8720 | D:7      | Killed Maggie
  8720 | D:7      | Reached XP level 9. HP: 48/65 MP: 0/18
  8903 | D:7      | Found a shimmering altar of Xom.
  8915 | D:7      | Noticed Prince Ribbit
  8931 | D:7      | Killed Prince Ribbit
  9096 | D:7      | Noticed Joseph
  9109 | D:7      | Noticed Pikel
  9112 | D:7      | Killed Joseph
  9452 | D:7      | Killed Pikel
  9740 | D:7      | Noticed a nameless horror
  9744 | D:7      | Killed a nameless horror
 10369 | D:8      | Reached * piety under Sif Muna
 10369 | D:8      | Reached skill level 5 in Invocations
 10959 | D:8      | Found a staircase to the Lair.
 11046 | D:8      | Noticed a hornet
 11065 | D:8      | Killed a hornet
 11065 | D:8      | Reached XP level 10. HP: 73/73 MP: 4/20
 11576 | D:9      | Reached skill level 5 in Fighting
 11576 | D:9      | Reached skill level 5 in Short Blades
 11576 | D:9      | Reached skill level 5 in Long Blades
 11576 | D:9      | Reached skill level 5 in Axes
 11576 | D:9      | Reached skill level 5 in Maces & Flails
 11576 | D:9      | Reached skill level 5 in Polearms
 11576 | D:9      | Reached skill level 5 in Staves
 11576 | D:9      | Reached skill level 5 in Slings
 11576 | D:9      | Reached skill level 5 in Bows
 11576 | D:9      | Reached skill level 5 in Crossbows
 11576 | D:9      | Reached skill level 5 in Throwing
 11576 | D:9      | Reached skill level 5 in Armour
 11576 | D:9      | Reached skill level 5 in Shields
 11576 | D:9      | Reached skill level 5 in Unarmed Combat
 11576 | D:9      | Reached skill level 5 in Evocations
 12403 | D:9      | Reached ** piety under Sif Muna
 12442 | D:9      | Found a bloodstained altar of Trog.
 12447 | D:9      | Found Gefurius's Book Emporium.
 12592 | D:9      | Found Wume's Antique Weapon Shop.
 12600 | D:9      | Bought a dazzling scimitar for 324 gold pieces
 12600 | D:9      | Identified the +8 scimitar of Disharmony {flame, MR+ Dex+3}
                  | (You bought it in a shop on level 9 of the Dungeon)
 12634 | D:9      | Found Qiefio's Weapon Emporium.
 12763 | D:9      | Found Aneryup's Antique Weapon Shoppe.
 12917 | D:10     | Entered Level 10 of the Dungeon
 13232 | D:10     | Found a staircase to the Orcish Mines.
 13435 | D:10     | Noticed Urug
 13461 | D:10     | Killed Urug
 13461 | D:10     | Reached XP level 11. HP: 36/81 MP: 14/22
 14074 | D:11     | Noticed a cyclops
 14096 | D:11     | Killed a cyclops
 14096 | D:11     | Reached skill level 5 in Conjurations
 14096 | D:11     | Reached skill level 5 in Hexes
 14096 | D:11     | Reached skill level 5 in Summonings
 14096 | D:11     | Reached skill level 5 in Necromancy
 14096 | D:11     | Reached skill level 5 in Translocations
 14096 | D:11     | Reached skill level 5 in Transmutations
 14096 | D:11     | Reached skill level 5 in Fire Magic
 14096 | D:11     | Reached skill level 5 in Air Magic
 14096 | D:11     | Reached skill level 5 in Earth Magic
 14096 | D:11     | Reached skill level 5 in Poison Magic
 14263 | D:11     | Identified the Grimoire of Earthen Toxins
 14407 | D:11     | Noticed a brown ugly thing
 14411 | D:11     | Killed a brown ugly thing
 14455 | D:11     | Found a white marble altar of Elyvilon.
 14455 | D:11     | Noticed a purple ugly thing
 14465 | D:11     | Killed a purple ugly thing
 14621 | D:11     | Noticed a catoblepas
 14660 | D:11     | Killed a catoblepas
 14978 | D:12     | Reached *** piety under Sif Muna
 15595 | D:12     | Noticed a rakshasa
 15640 | D:12     | Killed a rakshasa
 15779 | D:12     | Noticed a two-headed ogre
 15788 | D:12     | Killed a two-headed ogre
 16220 | D:12     | Reached XP level 12. HP: 89/89 MP: 24/24
 16281 | D:12     | Reached **** piety under Sif Muna
 18685 | D:14     | Found a blossoming altar of Fedhas.
 18724 | D:14     | Found a gate to the Vaults.
 18727 | D:14     | Noticed a two-headed ogre
 18727 | D:14     | Noticed a centaur warrior
 18740 | D:14     | Killed a two-headed ogre
 18741 | D:14     | Killed a centaur warrior
 19007 | D:14     | Noticed a tengu warrior
 19025 | D:14     | Killed a tengu warrior
 19309 | D:14     | Reached XP level 13. HP: 56/98 MP: 26/26
 19789 | Lair:1   | Entered Level 1 of the Lair of Beasts
 21083 | Lair:2   | Reached ***** piety under Sif Muna
 21359 | Lair:2   | Received a gift from Sif Muna
 21430 | Lair:2   | Found a staircase to the Snake Pit.
 21625 | Lair:2   | You fall into a shaft and drop 1 floor!
 22039 | Lair:3   | Got a pair of transparent boots
 22049 | Lair:3   | Identified the +0 pair of boots "Avobismis" {Harm MP+9}
                  | (You found it on level 3 of the Lair of Beasts)
 22208 | Lair:3   | Reached skill level 10 in Ice Magic
 23251 | Lair:4   | Found a gate leading to a gauntlet.
 23427 | Lair:4   | Found a staircase to the Shoals.
 24338 | Lair:2   | Reached skill level 10 in Spellcasting
 24973 | Lair:5   | Found a runed translucent door.
 24974 | Lair:5   | Found a viscous altar of Jiyva.
 24976 | Lair:5   | Found a staircase to the Slime Pits.
 25425 | Lair:5   | Identified Sif Muna's Tome of Sinister Toxins (Sif Muna
                  | gifted it to you on level 5 of the Lair of Beasts)
 25425 | Lair:5   | Received a gift from Sif Muna
 26281 | Lair:6   | Entered Level 6 of the Lair of Beasts
 26308 | Lair:6   | Noticed Rupert
 26332 | Lair:6   | Mangled by Rupert

Illustrated notes

Levels and vault maps discovered:
D:1:      evilmike_arrival_fibonacci_small, layout_basic, corexii_hall_statues_t
D:2:      layout_basic, zin_statuary, hangedman_decor_points,
          nemelex_diamond_rough_becter, uniq_jessica
D:3:      layout_rooms, grunt_temple_overflow_open, minmay_misc_feat_alley
D:4:      layout_gridville, eat_drink_and_be_merry_uskayaw,
          portal_sewer_entry_e, uniq_ijyb, uniq_edmund
D:5:      layout_rooms, grunt_temple_overflow_lords_of_destruction,
          grunt_temple_overflow_opulence, basic_altar, serial_bayou_lagoon_b,
          uniq_grinder
D:6:      layout_rooms, lemuel_temple_firewalk_b
D:7:      layout_cave_pools, minmay_ruined_shrine, uniq_joseph, uniq_maggie,
          uniq_prince_ribbit1, uniq_pikel
D:8:      layout_rooms, lair_entry_dummy
D:9:      layout_basic, basic_altar, serial_shops, shop,
          nicolae_shop_window_shopping, shop, nicolae_shop_stone
D:10:     layout_cave_pools, david_orc_4, uniq_urug
D:11:     layout_roguey, elyvilon_altar_4
D:12:     layout_roguey, serial_co_window_serial, co_window_cross_1,
          co_window_paths_a, co_window_paths_a, co_window_of_opportunity_a,
          co_window_paths_a, co_window_corner_a, co_window_corner_b,
          co_window_corner_b, co_window_paths_c, co_window_corner_b,
          co_window_corner_b, co_window_paths_e, co_window_4corner_b,
          glass_columns_a, glass_columns_b, glass_columns_b, glass_columns_b
D:13:     minmay_inside_and_out, layout_irregular_city
D:14:     layout_roguey, david_vaults_3, fedhas_altar_3
Temple:   eino_temple_lava
Lair:1:   layout_gridlike, lemuel_fruit_tree, infiniplex_staircase_pool,
          lemuel_fruit_fields, grunt_megastairs_1
Lair:2:   layout_small_grid, dummy_snake_entry, serial_bayou_pond_d,
          serial_bayou_shore_b, grunt_megastairs_4
Lair:3:   layout_cave_pods
Lair:4:   layout_cave_pods, minmay_shoals_entry_centaurs, gauntlet_entry_generic
Lair:5:   layout_cave_pods, slime_altar_2, infiniplex_staircase_pool_2
Lair:6:   wormcave, layout_regular_city, guppyfry_lair_end_dragon, uniq_rupert,
          uniq_kirke

Skill      XL: |  1  2  3  4  5  6  7  8  9 10 11 12 13 |
---------------+----------------------------------------+-----
Spellcasting   | 5 6 7 8 9 10 | 10.1
Invocations    | 1 2 3 4 5 6 7 8 9 |  9.5
Fighting       | 1 2 3 4 5 6 7 8 |  8.7
Short Blades   | 1 2 3 4 5 6 7 8 |  8.7
Long Blades    | 1 2 3 4 5 6 7 8 |  8.7
Axes           | 1 2 3 4 5 6 7 8 |  8.7
Maces & Flails | 1 2 3 4 5 6 7 8 |  8.7
Polearms       | 1 2 3 4 5 6 7 8 |  8.7
Staves         | 1 2 3 4 5 6 7 8 |  8.7
Slings         | 1 2 3 4 5 6 7 8 |  8.7
Bows           | 1 2 3 4 5 6 7 8 |  8.7
Crossbows      | 1 2 3 4 5 6 7 8 |  8.7
Throwing       | 1 2 3 4 5 6 7 8 |  8.7
Armour         | 1 2 3 4 5 6 7 8 |  8.7
Shields        | 1 2 3 4 5 6 7 8 |  8.7
Unarmed Combat | 1 2 3 4 5 6 7 8 |  8.7
Evocations     | 1 2 3 4 5 6 7 8 |  8.7
Conjurations   | 1 2 3 4 5 6 7 |  7.3
Hexes          | 1 2 3 4 5 6 7 |  7.3
Summonings     | 1 2 3 4 5 6 7 |  7.3
Necromancy     | 1 2 3 4 5 6 7 |  7.3
Translocations | 1 2 3 4 5 6 7 |  7.3
Transmutations | 1 2 3 4 5 6 7 |  7.3
Fire Magic     | 1 2 3 4 5 6 7 |  7.3
Air Magic      | 1 2 3 4 5 6 7 |  7.3
Earth Magic    | 1 2 3 4 5 6 7 |  7.3
Poison Magic   | 1 2 3 4 5 6 7 |  7.3
Dodging        | 5 6 7 8 9 |  9.9
Stealth        | 5 6 7 8 9 |  9.7
Ice Magic      | 8 9 10 | 10.2

Action                   |  1- 3 |  4- 6 |  7- 9 | 10-12 | 13-15 || total
-------------------------+-------+-------+-------+-------+-------++-------
Melee: Unarmed           |    24 |       |       |       |       ||    24
       Dagger            |     7 |     6 |       |       |       ||    13
       Flail             |       |       |    86 |    11 |       ||    97
       Bite              |       |       |    11 |    14 |    15 ||    40
       Punch             |       |       |     1 |     4 |     4 ||     9
       Scimitar          |       |       |       |   120 |   131 ||   251
 Fire: Hunting sling     |       |    73 |    47 |       |       ||   120
 Cast: Freeze            |    25 |     5 |     2 |     1 |       ||    33
       Frozen Ramparts   |    12 |    17 |    39 |    67 |    34 ||   169
       Summon Ice Beast  |       |       |    86 |   138 |    67 ||   291
       Hailstorm         |       |       |       |     8 |       ||     8
Invok: Channel Magic     |       |       |       |     4 |       ||     4
  Use: Potion            |       |     1 |     2 |       |     1 ||     4
       Scroll            |       |       |     7 |     9 |     7 ||    23
 Stab: Sleeping          |     1 |     2 |       |     7 |     5 ||    15
       Distracted        |       |       |     1 |       |       ||     1
Armor: Robe              |    18 |     7 |    29 |       |       ||    54
       Steam dragon scal |       |       |     9 |    53 |    42 ||   104
Dodge: Dodged            |    49 |    35 |   143 |   192 |   150 ||   569
       Repelled          |       |       |       |       |     1 ||     1
Block: Other             |       |       |       |       |    17 ||    17
       Reflection        |       |       |       |       |     4 ||     4
       Rpst.: Scimitar   |       |       |       |    38 |    31 ||    69

Table legend: (Time is in decaauts)
 A = Elapsed time spent in this place.
 B = Non-inter-level travel time spent in this place.
 C = Inter-level travel time spent in this place.
 D = Time resting spent in this place.
 E = Time spent auto-exploring this place.
 F = Levels seen in this place.
 G = Mean time per level.
                   A        B        C        D        E       F      G
               +--------+--------+--------+--------+--------+-----+--------+
         Total |  26415 |  25230 |   1185 |   1016 |  20034 |  21 | 1257.9 |
       Dungeon |  19784 |  18778 |   1006 |   1016 |  14350 |  14 | 1413.1 |
        Temple |     79 |     70 |      9 |      0 |     65 |   1 |   79.0 |
          Lair |   6550 |   6381 |    169 |      0 |   5619 |   6 | 1091.7 |
               +--------+--------+--------+--------+--------+-----+--------+

Top non-repeatable levels by time:
    D:12: 1929 daAuts
    D:13: 1754 daAuts
     D:6: 1712 daAuts
     D:2: 1686 daAuts
     D:5: 1652 daAuts
  Lair:3: 1641 daAuts
     D:1: 1608 daAuts
     D:4: 1501 daAuts
     D:8: 1498 daAuts
     D:9: 1388 daAuts
  Lair:5: 1355 daAuts
  Lair:1: 1215 daAuts
     D:7: 1211 daAuts
  Lair:2: 1191 daAuts
  Lair:4: 1097 daAuts
